Map: Ever Dream LE

Players

Richard - Winner!

  • Race: Zerg Zerg
  • League: Master
  • Spawn Location: 7:00

A.I. 1 (Very Easy)

  • Race: Protoss Protoss
  • Spawn Location: 1:00

VOD

Have the link to the VOD?

Description

A timing attack off of 2 bases where Hydralisk Range, Hydralisk Speed and +1 Missile finish around the same time.

Time

  • Played on: May 15, 2020, 12:05 p.m.
  • Length: 7:31
Show
View Real Time Build Order
Export as new Build Order

Richard Zerg - Winner!

Build Orders: Hatch First 

Get SALT Encoding   

  12  0:01  Drone  
  13  0:12  Overlord  
  13  0:16  Drone  
  14  0:31  Drone x2  
  14  0:34  Drone  
  17  0:52  Hatchery  
  17  0:55  Drone  
  17  0:58  Drone  
  18  1:13  Spawning Pool  
  18  1:15  Drone  
  19  1:18  Drone  
  19  1:28  Drone  
  19  1:30  Extractor  
  19  1:42  Overlord  
  19  2:00  Queen  
  21  2:03  Queen  
  21  2:04  Zergling x2  
  21  2:05  Zergling x2  
  21  2:08  Drone  
  26  2:11  Drone  
  26  2:14  Drone  
  28  2:21  Drone  
  29  2:25  Drone  
  30  2:32  Overlord  
  30  2:36  Drone  
  31  2:37  Queen  
  31  2:42  Lair  
  33  2:45  Drone  
  33  2:47  Drone  
  35  2:54  Drone  
  35  2:57  Drone  
  37  3:04  Overlord  
  37  3:10  Drone x2  
  39  3:17  Drone x5  
  44  3:24  Extractor x2  
  42  3:29  Evolution Chamber, Drone x3  
  44  3:35  Drone  
  45  3:50  Hydralisk Den  
  45  3:51  Hydralisk Den  
  45  3:54  Drone, Extractor  
  43  3:56  Drone x3  
  43  3:58  Overlord  
  43  4:01  Drone x2  
  43  4:02  Zerg Missile Weapons Level 1  
  48  4:03  Drone  
  49  4:13  Drone x2  
  51  4:20  Grooved Spines  
  51  4:24  Muscular Augments  
  51  4:30  Drone x2  
  53  4:33  Overlord x2  
  53  4:36  Hatchery  
  52  4:45  Hydralisk x3  
  52  4:46  Hydralisk  
  60  4:56  Overlord  
  60  4:59  Overlord  
  60  5:02  Hydralisk x3  
  66  5:08  Overseer  
  66  5:09  Hydralisk  
  68  5:14  Hydralisk x2  
  72  5:22  Hydralisk x2  
  72  5:27  Hydralisk  
  78  5:34  Hydralisk  
  80  5:41  Overlord x2  
  80  5:47  Hydralisk x3  
  86  5:56  Hydralisk x2  
  90  5:58  Hydralisk  
  90  6:03  Hydralisk  
  94  6:07  Hydralisk  
  92  6:12  Hydralisk  
  92  6:17  Zergling x8, Hydralisk  
  100  6:18  Zergling x4  
  100  6:19  Zergling x2  
  103  6:26  Overlord x2  
  103  6:32  Hydralisk x2  
  103  6:38  Hydralisk x2  
  111  6:43  Hydralisk  
  113  7:02  Hydralisk x5  
  113  7:06  Overlord  
  123  7:08  Overlord  
Show
View Real Time Build Order
Export as new Build Order

A.I. 1 (Very Easy) Protoss 

Build Orders: 1 Gate Expand, Nexus First 

Get SALT Encoding   

  12  0:00  Probe  
  13  0:13  Probe  
  14  0:19  Pylon  
  14  0:43  Gateway  
  14  0:59  Nexus  
  14  1:19  Pylon  
  14  1:20  Zealot  
  14  1:22  Assimilator  
  16  1:32  Probe  
  16  1:34  Cybernetics Core  
  17  1:41  Probe  
  18  1:51  Probe  
  19  2:01  Probe  
  19  2:02  Assimilator  
  20  2:11  Probe  
  20  2:13  Stalker  
  20  2:14  Probe  
  20  2:15  Warp Gate  
  24  2:25  Probe  
  24  2:29  Probe  
  26  2:51  Probe  
  27  2:52  Assimilator  
  27  2:54  Pylon  
  27  2:58  Probe  
  28  3:05  Probe  
  29  3:09  Robotics Facility  
  29  3:12  Probe  
  30  3:15  Probe  
  31  3:25  Zealot  
  31  3:27  Probe  
  34  3:32  Probe  
  35  3:41  Probe  
  36  3:48  Probe  
  37  3:55  Probe, Observer  
  38  4:02  Probe  
  40  4:09  Probe  
  41  4:10  Observer  
  41  4:13  Assimilator  
  41  4:14  Probe  
  43  4:24  Probe  
  43  4:27  Probe  
  44  4:35  Pylon  
  44  4:37  Sentry  
  47  4:38  Probe  
  48  4:45  Probe  
  49  4:53  Probe  
  50  6:06  Zealot  
  44  6:11  Observer  
  44  6:20  Probe  
  41  6:28  Probe  
  41  6:32  Probe  
  31  6:40  Probe  
  31  6:44  Pylon  
  31  6:49  Probe  
  32  6:56  Pylon  
  32  6:59  Pylon  
  32  7:06  Gateway  
Tags
 
Add a new tag
Caveats
  • Supply blocks, unpowered buildings, or Contaminate may cause inaccurate times.
  • Supply counts are checked every 10 seconds.